 Dungeon Crawl Stone Soup version 0.29.1-13-g9f3cf754e1 (webtiles) character file.

Game seed: 18049013300881188790

161 zeram the Caller (level 5, -2/45 HPs)
             Began as a Troll Summoner on Feb 10, 2023.
             Slain by a gnoll
             ... wielding a +0 halberd
              (7 damage)
             ... on level 4 of the Dungeon.
             The game lasted 00:06:18 (3076 turns).

zeram the Caller (Troll Summoner)                   Turns: 3076, Time: 00:06:19

Health: -2/45      AC:  4    Str: 16    XL:     5   Next: 18%
Magic:  1/5        EV: 10    Int: 13    God:
Gold:   166        SH:  5    Dex: 10    Spells: 3/6 levels left

rFire   + . .      SeeInvis .   i - +1 whip
rCold   . . .      Faith    .   (no shield)
rNeg    . . .      Spirit   .   a - +0 robe
rPois   .          Reflect  +   (helmet restricted)
rElec   .          Harm     .   (no cloak)
rCorr   .          Rampage  .   (gloves unavailable)
Will    .....                   (boots unavailable)
Stlth   +.........              g - amulet of reflection
HPRegen 0.95/turn               c - ring of protection from fire
MPRegen 0.09/turn               (no ring)

@: no status effects
A: large, unfitting armour, claws 3, regeneration 1, shaggy fur 1, tough skin 1
a: no special abilities


You were on level 4 of the Dungeon.
You visited 1 branch of the dungeon, and saw 4 of its levels.

You collected 185 gold pieces.
You spent 19 gold pieces at shops.

Inventory:

Hand Weapons
 f - a +0 club
 i - a +1 whip (weapon)
Armour
 a - a +0 robe (worn)
Jewellery
 c - a ring of protection from fire (left claw)
 g - an amulet of reflection (around neck)
Wands
 n - a wand of iceblast (10)
Scrolls
 p - a scroll of teleportation
Potions
 b - 2 potions of magic
 d - a potion of invisibility {unknown}
 e - a potion of attraction {unknown}
 h - 2 potions of mutation
 j - a potion of curing {unknown}
 l - a potion of ambrosia {unknown}
 o - a potion of degeneration {unknown}


   Skills:
 + Level 1.4 Maces & Flails
 + Level 2.3 Dodging
 - Level 1.0 Stealth
 + Level 0.9 Shields
 + Level 1.3 Spellcasting
 * Level 4.2 Summonings


You had 3 spell levels left.
You knew the following spells:

 Your Spells              Type           Power      Damage    Failure   Level
a - Summon Small Mammal   Summ           44%        N/A       4%          1
b - Call Imp              Summ           11%        N/A       8%          2

Your spell library contained the following spells:

 Spells                   Type           Power      Damage    Failure   Level
 Call Canine Familiar     Summ           11%        N/A       14%         3
 Summon Guardian Golem    Hex/Summ       6%         N/A       34%         3
 Lesser Beckoning         Tloc           0%         N/A       63%         3
 Portal Projectile        Hex/Tloc       0%         N/A       63%         3
 Summon Lightning Spire   Summ/Air       6%         N/A       75%         4
 Passage of Golubria      Tloc           0%         N/A       95%         4
 Polar Vortex             Ice            0%         N/A       100%        9


Dungeon Overview and Level Annotations

Branches:
Dungeon (4/15)
 Temple: D:4-7

Altars:

Shops:
D:2 *

Annotations:
D:4 Blork the orc


Innate Abilities, Weirdness & Mutations

You are too large for most types of armour.
You have claws for hands.
Your natural rate of healing is unusually fast.
You are covered in fur. (AC +1)
You have tough skin. (AC +1)


Message History

You closely miss the hound.
The hound is almost dead.
The hound bites you.
The gnoll hits you from afar with a +0 halberd!
* * * LOW HITPOINT WARNING * * *
The hound bites you.
* * * LOW HITPOINT WARNING * * *
Things that are here:
a +0 dagger; a goblin corpse The hound closely misses you.
The hound bites you.
* * * LOW HITPOINT WARNING * * *
The hound attacks as you move away! The hound misses you. The hound misses you.
The hound attacks as you move away! The hound bites you but does no damage.
The hound attacks as you move away! The hound misses you.
The hound barely misses you.
Casting: Call Imp (safe; 8% risk of failure)
Confirm with . or Enter, or press ? or * to list all spells.
A beastly little devil appears in a puff of flame.
The hound bites you.
* * * LOW HITPOINT WARNING * * *
Unknown command.
The hound bites you.
* * * LOW HITPOINT WARNING * * *
Your crimson imp closely misses the hound.
A gnoll comes into view. It is wielding a +0 halberd.
A gnoll comes into view. It is wielding a +0 spear.
The hound bites you.
* * * LOW HITPOINT WARNING * * *
Your crimson imp closely misses the gnoll.
The gnoll moves out of view.
Casting: Call Imp (safe; 8% risk of failure)
Confirm with . or Enter, or press ? or * to list all spells.
A beastly little devil appears in a puff of flame.
The gnoll shouts!
Your crimson imp disappears in a puff of smoke!
The hound barely misses you.
The gnoll hits you from afar with a +0 halberd!
You die...

.## ##.##.# # ..# #...#.# #..
#####...# ### #...#.#
#...#...#.. .#...#. #..)#.##.
# #....†#.###.# ...
#.###.#....> g###...###...###.
.###...##.####
.#.###)#...g.#.###.#.....#...#
#g..#...# #...#...#.. #.##.#
#.g.#.†.#####.@.#...#####.<#.#
#)g.#.).#...#h..#...#...#..# #
#.###)#...§g#5###.#.....#.#
##g.)###...###...###...##...
##### ##### ##### ##########


You could see a hound (ally target), 2 gnolls and a friendly crimson imp
(summoned).

Vanquished Creatures
  A hound (D:4)
  5 adders
  2 dart slugs
  10 ball pythons
  6 bats
  6 endoplasms
  4 giant cockroaches
  11 goblins
  5 hobgoblins
  3 quokkas
  2 frilled lizards
  5 kobolds
  5 rats
  A spectral kobold (D:1)
66 creatures vanquished.

Vanquished Creatures (collateral kills)
  Robin (D:4)
  2 goblins (D:4)
  A hobgoblin (D:4)
4 creatures vanquished.

Grand Total: 70 creatures vanquished

Notes
Turn   | Place    | Note
-------+----------+-------------------------------------------
     0 | D:1      | zeram the Troll Summoner began the quest for the Orb.
     0 | D:1      | Reached XP level 1. HP: 16/16 MP: 1/1
    25 | D:1      | Reached skill level 3 in Summonings
   153 | D:1      | Reached XP level 2. HP: 24/24 MP: 2/2
   156 | D:1      | Learned a level 2 spell: Call Imp
   159 | D:1      | Found a faded altar of an unknown god.
   899 | D:2      | Reached XP level 3. HP: 28/31 MP: 3/3
  1131 | D:2      | Reached skill level 4 in Summonings
  1518 | D:2      | Reached XP level 4. HP: 39/39 MP: 4/4
  1951 | D:2      | Found Reass's Assorted Antiques.
  1959 | D:2      | Bought a scroll labelled UBIMPUYNYU for 19 gold pieces
  2255 | D:3      | Got the Octavo of the Winter and the Voyage
  2517 | D:3      | Reached skill level 1 in Maces & Flails
  2869 | D:4      | Noticed Blork the orc
  2948 | D:4      | Noticed Robin
  2974 | D:4      | Killed Robin
  3026 | D:4      | Reached XP level 5. HP: 27/45 MP: 5/5
  3076 | D:4      | Slain by a gnoll

Illustrated notes

Levels and vault maps discovered:
D:1:      ncdulo_smallfort, layout_basic,
          dreamdust_ecumenical_altar_drowned_temple
D:2:      layout_basic, serial_shops, nicolae_shop_hallway_stairs,
          minmay_close_crescents
D:3:      layout_basic, nicolae_titane
D:4:      nicolae_cairo_tiling, layout_basic, fedhas_altar_3,
          mainiacjoe_overflow_surrounded_room, chequers_arboretum,
          chequers_serial_rivers_small_b, minmay_puff, uniq_blork_the_orc,
          uniq_menkaure, uniq_robin

Skill      XL: |  1  2  3  4 |
---------------+-------------+-----
Summonings     | 3 4 |  4.2
Dodging        | 2 |  2.3
Maces & Flails | 1 |  1.4
Stealth        | |  1.0
Shields        | |  0.9
Spellcasting   | |  1.3

Action                   |  1- 3 |  4- 6 || total
-------------------------+-------+-------++-------
Melee: Unarmed           |    34 |       ||    34
       Whip              |    90 |   178 ||   268
       Club              |    18 |       ||    18
       Punch             |     3 |     1 ||     4
 Cast: Call Imp          |     1 |     4 ||     5
  Use: Scroll            |     7 |     4 ||    11
       Potion            |     1 |     1 ||     2
 Stab: Sleeping          |     5 |     2 ||     7
Armor: Robe              |    71 |    48 ||   119
       Skin              |       |    47 ||    47
Dodge: Dodged            |    82 |    87 ||   169
Block: Other             |     5 |    53 ||    58
       Reflection        |       |     2 ||     2
